 Dungeon Crawl Stone Soup version 0.30.0-18-gc0e69614cb (webtiles) character file.

Game seed: 14434443040068350439

137 growler the Insei (level 5, 0/37 HPs)
             Began as a Merfolk Transmuter on May 24, 2023.
             Slain by an iguana (13 damage)
             ... on level 4 of the Dungeon.
             The game lasted 00:05:24 (2477 turns).

growler the Insei (Merfolk Transmuter)              Turns: 2477, Time: 00:05:25

Health: 0/37       AC:  3    Str: 10    XL:     5   Next: 20%
Magic:  9/9        EV: 12    Int: 15    God:
Gold:   125        SH:  0    Dex: 14    Spells: 0/10 levels left

rFire   . .          .
                       - Unarmed
rCold   . . .        (no shield)
rNeg    . . .        a - +1 robe
rPois   .            (helmet currently unavailable)
rElec   .            (no cloak)
rCorr   .            (no gloves)
SInv    .            (boots currently unavailable)
Will    .....        (no amulet)
Stlth   +            (no ring)
HPRegen 0.26/turn    (no ring)
MPRegen 0.11/turn

%: no passive effects
@: appendages
A: horns 2, (nimble swimmer 2), mertail
a: End Transformation


You were on level 4 of the Dungeon.
You had temporarily grown beastly horns.
You visited 1 branch of the dungeon, and saw 4 of its levels.

You collected 125 gold pieces.

Inventory:

Armour
 a - a +1 robe (worn)
Scrolls
 e - a scroll of magic mapping
 f - a scroll of poison {unknown}
 g - 4 scrolls of identify
 i - a scroll of enchant armour
 j - a scroll of brand weapon {unknown}
 l - a scroll of immolation
 o - a scroll of teleportation {unknown}
 p - a scroll of fear {unknown}
Potions
 b - a potion of lignification
 c - 3 potions of mutation
 d - 2 potions of heal wounds
 h - 5 potions of curing
 k - a potion of berserk rage
 m - 2 potions of brilliance
 n - a potion of haste
 q - a potion of ambrosia {unknown}


   Skills:
 - Level 1.1 Fighting
 - Level 2.6 Dodging
 + Level 5.1 Unarmed Combat
 - Level 3.0 Spellcasting
 - Level 4.0 Transmutations


You couldn't memorise any spells.
You knew the following spells:

 Your Spells              Type           Power      Damage    Failure   Level
a - Beastly Appendage     Tmut           28%        N/A       3%          1
b - Wereblood             Tmut           14%        N/A       6%          2
c - Spider Form           Tmut/Pois      8%         N/A       26%         3
d - Ice Form              Ice/Tmut       8%         N/A       65%         4

Your spell library contained the following spells:

 Spells                   Type           Power      Damage    Failure   Level
 Frozen Ramparts          Ice            4%         1d1       52%         3
 Summon Ice Beast         Ice/Summ       2%         N/A       89%         4
 Summon Mana Viper        Hex/Summ       2%         N/A       99%         5
 Monstrous Menagerie      Summ           1%         N/A       100%        7


Dungeon Overview and Level Annotations

Branches:
Dungeon (4/15)             Temple (0/1) D:4

Altars:
Nemelex Xobeh
The Shining One

Shops:
D:4 =


Innate Abilities, Weirdness & Mutations

You have temporarily grown beastly horns.
((You are very nimble when in or above water. (Stealth+, EV+, Speed+++)))
Your lower body shifts to a powerful aquatic tail in water.


Message History

You finish memorising.
Spell assigned to 'd'.
Things that are here:
a +0 club; 2 stones; a kobold skeleton
m - 2 potions of brilliance (gained 1)
There is a stone staircase leading down here.
An iguana comes into view.
The iguana hisses angrily.
You grow a pair of large bovine horns.
You barely miss the iguana. The iguana barely misses you.
You hit the iguana but do no damage. The iguana closely misses you.
You hit the iguana. Your headbutt misses the iguana.
The iguana is moderately wounded.
The iguana barely misses you.
You hit the iguana but do no damage. You punch the iguana, but do no damage.
The iguana is moderately wounded.
The iguana closely misses you.
You hit the iguana but do no damage.
The iguana is moderately wounded.
The iguana closely misses you.
You hit the iguana.
The iguana is moderately wounded.
The iguana bites you.
You closely miss the iguana. You headbutt the iguana.
The iguana is heavily wounded.
The iguana bites you!
You hit the iguana but do no damage.
The iguana is heavily wounded.
You hit the iguana.
The iguana is severely wounded.
The iguana closely misses you.
You hit the iguana but do no damage.
The iguana is severely wounded.
The iguana hisses menacingly.
The iguana bites you!
You are too injured to fight recklessly!
You are too injured to fight recklessly!
You barely miss the iguana.
The iguana is severely wounded.
The iguana bites you!
You die...

#.########## #.# #... #.#
#.#. ***** #.# #... **,,,**
##.#######.#. **,***,**
#........>... *,** *#,**
#...<......#. *,* #..#####
#..........(. *,** *#^..l@.#
#..........#.
*,,**#...###.###............
*,*,..#..###.##.<.....(..##.
*,**,,#..................###
#,#*,,#.####.###.........###
*.#...#.####.# #.........#.#
*,...........# #..........#.
*..♣.♣♣♣♣♣.♣.# ##+########.#
* *#.♣.......♣.###...##
#.....


You could see an iguana.

Vanquished Creatures
  A sleepcap (D:4)
  5 adders
  A dart slug (D:3)
  3 orcs (D:3)
  6 bats
  4 endoplasms
  A giant cockroach (D:1)
  6 goblins
  7 hobgoblins
  4 jackals (D:1)
  3 kobolds
  2 quokkas
  5 ball pythons
  4 frilled lizards
  3 rats (D:1)
55 creatures vanquished.

Notes
Turn   | Place    | Note
-------+----------+-------------------------------------------
     0 | D:1      | growler the Merfolk Transmuter began the quest for the Orb.
     0 | D:1      | Reached XP level 1. HP: 15/15 MP: 3/3
   129 | D:1      | Reached XP level 2. HP: 21/21 MP: 3/5
   132 | D:1      | Learned a level 2 spell: Wereblood
   480 | D:1      | Reached XP level 3. HP: 9/26 MP: 4/6
   484 | D:1      | Learned a level 3 spell: Spider Form
  1018 | D:2      | Reached skill level 4 in Unarmed Combat
  1231 | D:2      | Identified the +1 robe of Uceru {Rampage *Slow Will+ Int+3}
  1374 | D:3      | Reached XP level 4. HP: 32/32 MP: 6/8
  1818 | D:3      | Found a sparkling altar of Nemelex Xobeh.
  1930 | D:4      | Found Isor's Jewellery Boutique.
  2150 | D:4      | Found a glowing golden altar of the Shining One.
  2224 | D:4      | Reached skill level 5 in Unarmed Combat
  2224 | D:4      | Reached XP level 5. HP: 15/37 MP: 9/9
  2440 | D:4      | Learned a level 4 spell: Ice Form
  2477 | D:4      | Slain by an iguana

Illustrated notes

Levels and vault maps discovered:
D:1:      saegor_arrival_simple_c, layout_rooms, grunt_decor_clamped
D:2:      layout_rooms
D:3:      layout_rooms, nemelex_dance_club_becter, st_stairs_6
D:4:      layout_loops_corners, mainiacjoe_overflow_cross_hatched, temple_green,
          serial_shops, nicolae_shop_hallway_plus, glass_columns_c,
          kennysheep_generic_room_3

Skill      XL: |  1  2  3  4 |
---------------+-------------+-----
Transmutations | 3 4 |  4.0
Unarmed Combat | 4 5 |  5.1
Spellcasting   | 3 |  3.0
Fighting       | |  1.1
Dodging        | |  2.6

Action                     |  1- 3 |  4- 6 || total
---------------------------+-------+-------++-------
  Melee: Unarmed           |   101 |    80 ||   181
         Headbutt          |    11 |    12 ||    23
         Punch             |     1 |     4 ||     5
   Cast: Beastly Appendage |    18 |    16 ||    34
         Wereblood         |     2 |       ||     2
    Use: Scroll            |       |     9 ||     9
         Potion            |       |     1 ||     1
   Stab: Sleeping          |     1 |     1 ||     2
 Armour: Robe              |    24 |     9 ||    33
         Skin              |       |     2 ||     2
  Dodge: Dodged            |    59 |    45 ||   104
